 Dungeon Crawl Stone Soup version 0.30.1-11-g7821555f0a (webtiles) character file.

Game seed: 2507450557778363589

2511 Gumption the Shield-Bearer (level 9, 0/92 HPs)
             Began as a Troll Fighter on Nov 13, 2023.
             Was a Believer of Ru.
             Slain by a scorpion (5 damage)
             ... summoned by Amaemon
             ... on level 8 of the Dungeon.
             The game lasted 00:35:17 (7015 turns).

Gumption the Shield-Bearer (Troll Fighter)          Turns: 7015, Time: 00:35:21

Health: 0/92       AC:  4    Str: 30    XL:     9   Next: 28%
Magic:  8/8        EV: 10    Int:  4    God:    Ru [**....]
Gold:   407        SH: 14    Dex:  9    Spells: 8/8 levels left

rFire   . .          .
                       - Unarmed
rCold   + . .        b - +0 kite shield
rNeg    . . .        a - +0 robe
rPois   .            (helmet restricted)
rElec   .            (no cloak)
rCorr   .            (gloves unavailable)
SInv    .            (boots unavailable)
Will    .....        H - amulet of reflection
Stlth   +            l - ring of protection from cold
HPRegen 1.15/turn    (no ring)
MPRegen 0.11/turn

%: reflection
@: lethally poisoned (0 -> -36), about to teleport, slowed, very slow
A: large, unfitting armour, claws 3, regeneration 1, shaggy fur 1, tough skin 1,
inability to use devices
a: Renounce Religion


You were on level 8 of the Dungeon.
You worshipped Ru.
Ru was pleased with you.
You visited 2 branches of the dungeon, and saw 9 of its levels.
You also visited: Ossuary.

You collected 533 gold pieces.
You spent 126 gold pieces at shops.

Inventory:

Missiles
 d - 66 stones
 i - 9 poisoned darts
 K - 2 boomerangs (quivered)
Armour
 a - a +0 robe (worn)
 b - a +0 kite shield (worn)
Jewellery
 l - a ring of protection from cold (left claw)
 v - an amulet of faith
 D - a ring of ice
 H - an amulet of reflection (around neck)
Wands
 o - a wand of roots (13)
 A - a wand of flame (62)
 B - a wand of charming (2)
Scrolls
 j - 4 scrolls of teleportation
 k - 3 scrolls of magic mapping {unknown}
 m - 2 scrolls of amnesia
 q - a scroll of blinking {unknown}
 r - a scroll of brand weapon {unknown}
 t - a scroll of enchant weapon {unknown}
 u - a scroll of silence {unknown}
 y - a scroll of fog {unknown}
 z - a scroll of butterflies {unknown}
 E - a scroll of torment {unknown}
 G - a scroll of immolation {unknown}
 J - a scroll of poison {unknown}
 L - a scroll of vulnerability {unknown}
Potions
 c - a potion of might
 e - 4 potions of heal wounds
 f - 4 potions of curing
 g - 3 potions of invisibility
 h - 7 potions of flight
 n - a potion of magic {unknown}
 p - a potion of berserk rage {unknown}
 s - 2 potions of mutation
 w - 3 potions of resistance
 x - a potion of haste {unknown}
 C - 2 potions of attraction
 F - a potion of lignification {unknown}
 I - a potion of brilliance


   Skills:
 * Level 6.5 Fighting
 + Level 4.9 Dodging
 * Level 7.2 Shields
 + Level 5.4 Unarmed Combat


You had 8 spell levels left.
You didn't know any spells.
Your spell library contained the following spells:

 Spells                   Type           Power      Damage    Failure   Level
 Apportation              Tloc           0%         N/A       67%         1
 Beastly Appendage        Tmut           0%         N/A       67%         1
 Freeze                   Ice            0%         1d3       67%         1
 Blink                    Tloc           0%         N/A       82%         2
 Lesser Beckoning         Tloc           0%         N/A       82%         2
 Momentum Strike          Conj/Tloc      0%         3d8       82%         2
 Scorch                   Fire           0%         2d5       82%         2
 Wereblood                Tmut           0%         N/A       82%         2
 Frozen Ramparts          Ice            0%         1d1       96%         3
 Hailstorm                Conj/Ice       0%         3d3       96%         3
 Spider Form              Tmut/Pois      0%         N/A       96%         3
 Flame Wave               Conj/Fire      0%         2d4       100%        4
 Alistair's Intoxication  Tmut/Pois      0%         N/A       100%        5
 Summon Cactus Giant      Summ           0%         N/A       100%        6


Dungeon Overview and Level Annotations

Branches:
Dungeon (8/15)             Temple (1/1) D:5         Ossuary (visited)
   Lair: D:8-11

Altars:
Cheibriados
Dithmenos
Elyvilon
Gozag
Hepliaklqana
Kikubaaqudgha
Nemelex Xobeh
Okawaru
Qazlal
Ru
Sif Muna
Trog
Uskayaw
Vehumet
Wu Jian
Xom
Yredelemnul
Zin

Shops:
D:2 (![[*   D:5 !

Annotations:
D:5 3 runed translucent doors, Prykner's ghost, novice FoHu
D:7 1 runed translucent door, dertzug's ghost, novice MfBe
D:8 Amaemon


Innate Abilities, Weirdness & Mutations

You are too large for most types of armour.
You have claws for hands.
Your natural rate of healing is unusually fast.
You are covered in fur. (AC +1)
You have tough skin. (AC +1)
You cannot study or use magical devices.


Message History

You block the orange demon's attack.
Amaemon gestures wildly while chanting.
You claw Amaemon!
Amaemon is lightly wounded.
You feel sick. You block the scorpion's attack.
The scorpion stings you but does no damage.
Amaemon's eyes glow red.
You block Amaemon's attack. Amaemon claws you but does no damage.
Amaemon tail-slaps you.
The orange demon stings you but does no damage.
The scorpion stings you but does no damage.
The scorpion stings you.
You are more poisoned.
The scorpion poisons you! The scorpion stings you.
You are more poisoned.
You have difficulty breathing.
You feel yourself slow down.
Okay, then.
As you read the scroll of teleportation, it crumbles to dust.
You feel strangely unstable.
You feel extremely sick.
You block Amaemon's attack. x3; The orange demon stings you from afar!
The scorpion stings you! The scorpion stings you.
The orange demon barely misses you. You block Amaemon's attack.
Amaemon claws you but does no damage. Amaemon tail-slaps you.
You are lethally poisoned!
Amaemon poisons you! You block the scorpion's attack.
You closely miss Amaemon.
Amaemon is lightly wounded.
* * * LOW HITPOINT WARNING * * *
You feel extremely sick. The scorpion stings you.
* * * LOW HITPOINT WARNING * * *
You are more poisoned.
You have difficulty breathing.
* * * LOW HITPOINT WARNING * * *
You feel as though you will be slow longer.
You block the scorpion's attack. The scorpion stings you!
* * * LOW HITPOINT WARNING * * *
The scorpion stings you.
You die...

########.#..... ####
#....#.........
#...######........####.#
.......(...............#
.................#######
........................
..............#...)..###
#..ss6s....#......'..
#..s@ss....#......###
.######4...##......#
....46......#......#
............#......#
...!........'>.....#
............#......#
###.........#......#
#+#########.#+######
#..............


You could see Amaemon, an orange demon and 6 scorpions.

Vanquished Creatures
  A manticore (D:6)
  Grinder (D:3)
  Menkaure (D:7)
  A black bear (D:5)
  An ogre (D:6)
  A centaur (D:6)
  2 phantoms (D:5)
  4 scorpions
  2 bullfrogs
  7 water moccasin zombies (Ossuary)
  A howler monkey (D:6)
  2 jellies
  5 orc priests
  A gnoll bouda (D:6)
  2 sleepcaps
  4 iguanas
  3 orc wizards
  2 mummies (Ossuary)
  14 gnolls
  3 adders
  A shadow imp (D:6)
  A white imp (D:5)
  10 adder zombies (Ossuary)
  2 worms
  A dart slug (D:5)
  9 orcs
  6 ball pythons
  8 endoplasms
  2 giant cockroaches (D:2)
  3 gnoll zombies (Ossuary)
  8 goblins
  11 hobgoblins
  3 jackals (D:1)
  4 quokkas
  9 bats
  6 frilled lizards (D:2)
  8 kobolds
  4 kobold zombies (Ossuary)
  12 rats
166 creatures vanquished.

Vanquished Creatures (others)
  An orc (D:7)
1 creature vanquished.

Grand Total: 167 creatures vanquished

Notes
Turn   | Place    | Note
-------+----------+-------------------------------------------
     0 | D:1      | Gumption the Troll Fighter began the quest for the Orb.
     0 | D:1      | Reached XP level 1. HP: 22/22 MP: 0/0
   110 | D:1      | Reached XP level 2. HP: 29/29 MP: 1/1
   168 | D:1      | Reached skill level 3 in Shields
   488 | D:1      | Reached XP level 3. HP: 35/36 MP: 2/2
   907 | D:2      | Found Zoff's Distillery.
   919 | D:2      | Found Ompaos's Antique Armour Boutique.
   940 | D:2      | Found Giklaeh's General Store.
  1047 | D:2      | Found a bloodstained altar of Trog.
  1230 | D:2      | Reached XP level 4. HP: 45/45 MP: 3/3
  1481 | D:2      | Found Nenyon's Antique Weapon Emporium.
  1628 | D:2      | Found Jithruhaor's Armour Shoppe.
  2048 | D:3      | Reached XP level 5. HP: 47/53 MP: 4/4
  2288 | D:3      | Reached skill level 4 in Shields
  2324 | D:3      | Noticed Grinder
  2334 | D:3      | Killed Grinder
  2335 | D:3      | Reached XP level 6. HP: 62/62 MP: 5/5
  3082 | D:4      | Reached XP level 7. HP: 45/70 MP: 6/6
  3084 | D:4      | Found a sand-covered staircase.
  3088 | Ossuary  | Entered an ossuary
  3196 | Ossuary  | Reached skill level 5 in Shields
  3301 | Ossuary  | Reached skill level 5 in Fighting
  4040 | D:4      | Found an iron altar of Okawaru.
  4060 | D:4      | Reached XP level 8. HP: 80/80 MP: 7/7
  4121 | D:5      | Entered Level 5 of the Dungeon
  4148 | D:5      | Found a staircase to the Ecumenical Temple.
  4157 | D:5      | Found a sparkling altar of Nemelex Xobeh.
  4171 | Temple   | Entered the Ecumenical Temple
  4208 | Temple   | Became a worshipper of Ru the Awakened
  4385 | D:5      | Found Daseu's Distillery.
  4396 | D:5      | Bought a potion of degeneration for 14 gold pieces
  4396 | D:5      | Bought a potion of mutation for 112 gold pieces
  4517 | D:5      | Reached skill level 6 in Shields
  4531 | D:5      | Found a runed translucent gate.
  4533 | D:5      | Found a runed translucent gate.
  4533 | D:5      | Found a runed translucent gate.
  4534 | D:5      | Noticed Prykner's ghost (novice FoHu)
  5043 | D:6      | Reached skill level 5 in Unarmed Combat
  5216 | D:6      | Gained mutation: You cannot study or use magical devices.
                  | [Ru sacrifice]
  5216 | D:6      | Reached * piety under Ru
  5216 | D:6      | Reached ** piety under Ru
  5456 | D:6      | Noticed a manticore
  5466 | D:6      | Killed a manticore
  5467 | D:6      | Reached XP level 9. HP: 20/89 MP: 8/8
  5982 | D:7      | Found a runed translucent door.
  5982 | D:7      | Noticed dertzug's ghost (novice MfBe)
  6018 | D:7      | Reached skill level 7 in Shields
  6310 | D:7      | Noticed Menkaure
  6322 | D:7      | Killed Menkaure
  6853 | D:8      | Found a radiant altar of Vehumet.
  6998 | D:8      | Noticed Amaemon
  6999 | D:8      | Noticed an orange demon
  7015 | D:8      | Slain by a scorpion

Illustrated notes

Levels and vault maps discovered:
D:1:      dpeg_arrival_pond, layout_basic, minmay_misc_feat_nine_boxes,
          hangedman_glass_garden, nicolae_eternal_life
D:2:      layout_loops_corners, basic_altar, serial_shops,
          nicolae_shop_rolling_square, shop, nicolae_shop_tiny_real_fake_doors,
          shop, nicolae_shop_stone, minmay_tall_x
D:3:      cheibrodos_pilgrimage, layout_loops_corners,
          hangedman_abyss_or_decor_lesser_grid, roderic_serpentine_path,
          chequers_serial_rivers_micro_e, minivault_19, uniq_grinder
D:4:      layout_loops_ring, kennysheep_little_box,
          lightli_ossuary_entry_decrepit_ruins
D:5:      layout_basic, mainiacjoe_overflow_boulevard, minmay_temple_entry_tees,
          biasface_ghost_orc_armoury, serial_shops, nicolae_diamond_shop
D:6:      layout_gridville, sigmund_army
D:7:      layout_gridville, hellmonk_ghost_happy_afterlife,
          minmay_crystal_water, uniq_menkaure
D:8:      layout_basic, tso_altar, mainiacjoe_overflow_alcove_2,
          grunt_temple_overflow_diamond, uniq_amaemon
Temple:   hellmonk_temple_of_storms

Skill      XL: |  1  2  3  4  5  6  7  8  9 |
---------------+----------------------------+-----
Shields        | 3 4 5 6 7 |  7.2
Fighting       | 3 4 5 6 |  6.5
Dodging        | 3 4 |  4.9
Unarmed Combat | 3 4 5 |  5.4

Action                     |  1- 3 |  4- 6 |  7- 9 || total
---------------------------+-------+-------+-------++-------
  Melee: Unarmed           |   126 |   101 |   368 ||   595
  Throw: Stone             |       |       |     3 ||     3
         Boomerang         |       |       |     2 ||     2
 Invoke: Sacrifice Artific |       |       |     1 ||     1
    Use: Scroll            |       |     5 |     5 ||    10
         Potion            |       |     1 |     2 ||     3
   Stab: Sleeping          |     1 |     2 |       ||     3
         Distracted        |     1 |       |       ||     1
 Armour: Robe              |    27 |    16 |    87 ||   130
  Dodge: Dodged            |    40 |    35 |   114 ||   189
  Block: Kite shield       |    39 |    31 |   171 ||   241
         Reflection        |       |       |     1 ||     1
